 Dungeon Crawl Stone Soup version 0.17-a0-1923-gc35365e (webtiles) character file.

977 FurryRage the Skirmisher (level 7, -3/64 HPs)
             Began as a Minotaur Fighter on Sept 28, 2015.
             Was an Initiate of Trog.
             Slain by an orc warrior
             ... wielding a +1 long sword of holy wrath
              (11 damage)
             ... on level 6 of the Dungeon.
             The game lasted 00:24:28 (4424 turns).

FurryRage the Skirmisher (Minotaur Fighter)         Turns: 4424, Time: 00:24:31

Health: -3/64      AC: 12    Str: 21    XL:     7   Next: 95%
Magic:  6/6        EV:  8    Int:  5    God:    Trog [......]
Gold:   264        SH: 10    Dex: 11    Spells: 0 memorised, 6 levels left

rFire  . . .     SeeInvis .     F - +0 war axe
rCold  . . .     Clarity  .     I - +3 scale mail
rNeg   . . .     SustAt   .     c - +0 shield
rPois  .         Gourm    .     (helmet restricted)
rElec  .         Spirit   .     (no cloak)
rCorr  .         Warding  .     l - +0 pair of gloves
rMut   .         Stasis   .     (no boots)
MR     .....                    f - amulet of faith
Stlth  ..........               (no ring)
                                (no ring)

@: not resistant to hostile enchantments, extremely unstealthy
A: retaliatory headbutt, horns 2
a: Burn Spellbooks, Renounce Religion


You were on level 6 of the Dungeon.
You worshipped Trog.
Trog was noncommittal.
You were very hungry.

You visited 2 branches of the dungeon, and saw 8 of its levels.

You collected 264 gold pieces.

Inventory:

Hand weapons
 a - a +0 war axe
 F - a +0 war axe (weapon)
 H - a +5 flail of holy wrath
Armour
 c - a +0 shield (worn)
 l - a +0 pair of gloves (worn)
 I - a +3 scale mail (worn)
Jewellery
 f - an amulet of faith (around neck)
Magical devices
 t - a wand of random effects (29)
 C - a wand of slowing (16)
Scrolls
 h - 4 scrolls of remove curse
 j - 6 scrolls of identify
 m - 2 scrolls of random uselessness {unknown}
 p - 2 scrolls of enchant armour {unknown}
 q - 2 scrolls of blinking {unknown}
 u - a scroll of magic mapping {unknown}
 v - a scroll of fog {unknown}
 w - 4 scrolls of teleportation {unknown}
 y - a scroll of fear {unknown}
 A - a scroll of immolation {unknown}
 D - 4 scrolls of enchant weapon {unknown}
 E - a scroll of recharging {unknown}
Potions
 d - 3 potions of might
 i - 3 potions of heal wounds {unknown}
 k - 5 potions of curing
 o - a potion of cure mutation {unknown}
 r - a potion of cancellation {unknown}
 x - a potion of brilliance {unknown}
 z - a potion of mutation {unknown}
 B - a potion of flight {unknown}
 G - a potion of degeneration {unknown}
Books
 n - an Akashic Record

   Spells                             Type                      Level
   a - Dispersal                      Translocation                6
   b - Controlled Blink               Translocation                7
   c - Malign Gateway                 Summoning/Translocation      7
   d - Disjunction                    Translocation                8
   Trog disapproves of the use of such an item.
Comestibles
 b - 3 chunks of flesh
 e - 4 bread rations
 g - 8 fruits
 s - 4 meat rations


   Skills:
 * Level 6.6 Fighting
 * Level 6.1 Axes
 * Level 6.4 Armour
 * Level 6.4 Shields
 - Level 0.1 Evocations


You had 6 spell levels left.
You didn't know any spells.

Dungeon Overview and Level Annotations

Branches:
Dungeon (7/15)             Temple (1/1) D:6

Altars:
Ashenzari
Cheibriados
Dithmenos
Elyvilon
Fedhas
Gozag
Kikubaaqudgha
Makhleb
Nemelex Xobeh
Okawaru
Ru
Sif Muna
Trog
Vehumet
Xom
Yredelemnul
Zin
The Shining One


Innate Abilities, Weirdness & Mutations

You reflexively headbutt those who attack you in melee.
You have a pair of horns on your head.


Message History

The orc warrior is lightly wounded.
The merfolk impaler hits you from afar with a trident of pain.
The orc warrior hits you with a long sword of holy wrath.
* * * LOW HITPOINT WARNING * * *
The merfolk impaler closely misses you.
The centaur unwields an uncursed shortbow of velocity.
You block the centaur's attack.
The orc warrior hits you with a long sword of holy wrath!
* * * LOW HITPOINT WARNING * * *
The merfolk impaler hits you from afar with a trident of pain.
* * * LOW HITPOINT WARNING * * *
You climb upwards.
You found a teleport trap!
There is a stone staircase leading down here.
You barely miss the centaur. Your headbutt misses the centaur.
You hit the orc warrior.
The orc warrior is moderately wounded.
The centaur hits you.
* * * LOW HITPOINT WARNING * * *
The orc warrior hits you with a long sword of holy wrath!
You die...

.'......'...#...............#....
.#......#...'......†........+....
.##+######..###+####..##.##.##.#
+##...####..##...####+##+##.##.##
..................#......'.....'.
..................'......#.....#.
..................#......#.....#.
..##..###+#####.o##.##..####+####
..##+####...###.@##+##..###...###
................c^......#.....#..
........................#.....#..
............=...<.......+.....+..
#####..##..####.##..##..##....##.
.####..##..####'##'###..##....##.
##.'..>.........#...#...#........
##.#............'...'...+........
#.###..######...##..##..##....##.


You could see an orc warrior and a centaur.

Vanquished Creatures
  Eustachio (D:6)
  Edmund (D:6)
  A scorpion (D:4)
  A hound (D:5)
  4 crimson imps
  An iguana (D:5)
  5 worker ants
  An orc priest (D:4)
  2 giant frog skeletons
  3 gnolls (D:4)
  A hound skeleton (D:4)
  11 adders
  2 shadow imps
  An ooze (D:6)
  An adder skeleton (D:6)
  2 worms (D:3)
  8 giant geckos
  11 orcs
  6 bats
  7 goblins
  7 hobgoblins
  2 jackals (D:3)
  15 kobolds
  6 quokkas
  3 giant cockroaches (D:2)
  A giant newt (D:1)
  A quokka skeleton (D:6)
  11 rats
116 creatures vanquished.

Notes
Turn   | Place    | Note
--------------------------------------------------------------
     0 | D:1      | FurryRage the Minotaur Fighter began the quest for the Orb.
     0 | D:1      | Reached XP level 1. HP: 19/19 MP: 0/0
   150 | D:1      | Reached XP level 2. HP: 27/27 MP: 1/1
   307 | D:1      | Reached skill level 4 in Fighting
   836 | D:1      | Reached XP level 3. HP: 33/33 MP: 2/2
  1358 | D:2      | Reached XP level 4. HP: 39/41 MP: 3/3
  2239 | D:4      | Reached XP level 5. HP: 34/47 MP: 4/4
  2349 | D:4      | Reached skill level 5 in Armour
  2524 | D:4      | Reached skill level 5 in Fighting
  2529 | D:4      | Reached skill level 5 in Shields
  2529 | D:4      | Reached XP level 6. HP: 10/56 MP: 5/5
  3278 | D:5      | Entered Level 5 of the Dungeon
  3451 | D:5      | Reached XP level 7. HP: 55/62 MP: 6/6
  3480 | D:5      | Reached skill level 6 in Armour
  3624 | D:6      | Reached skill level 5 in Axes
  3717 | D:6      | Noticed Eustachio
  3745 | D:6      | Killed Eustachio
  3878 | D:6      | Found an iron altar of Okawaru.
  3879 | D:6      | Found a sacrificial altar of Ru.
  3892 | D:6      | Became a worshipper of Warmaster Okawaru
  3946 | D:6      | Found a staircase to the Ecumenical Temple.
  4038 | Temple   | Entered the Ecumenical Temple
  4112 | Temple   | Fell from the grace of Okawaru
  4112 | Temple   | Became a worshipper of Trog the Wrathful
  4253 | D:6      | Noticed Edmund
  4275 | D:6      | Killed Edmund
  4402 | D:7      | Noticed a cyclops
  4402 | D:7      | Noticed a merfolk impaler
  4402 | D:7      | Noticed a merfolk
  4402 | D:7      | Noticed a merfolk
  4402 | D:7      | Noticed a merfolk
  4402 | D:7      | Noticed a merfolk
  4424 | D:6      | Slain by an orc warrior

Vault maps used:
D:1:      enne_arrival_octagon_isle
D:5:      first_bread, st_stairs_7
D:6:      gammafunk_temple_overflow_statue, minmay_temple_entry_overgrown,
          uniq_eustachio, uniq_edmund
D:7:      uniq_pikel, uniq_crazy_yiuf_cottage, uniq_menkaure
Temple:   nicolae_temple_elliptical

Action                   |  1- 3 |  4- 6 |  7- 9 || total
-------------------------+-------+-------+-------++-------
Melee: War axe           |    90 |   140 |   132 ||   362
Evoke: Wand              |       |       |     2 ||     2
  Use: Scroll            |       |       |     2 ||     2
  Eat: Chunk             |     1 |     5 |     2 ||     8
       Beef jerky        |       |     1 |       ||     1
       Fruit             |       |       |     1 ||     1
